 Dungeon Crawl Stone Soup version 0.29-a0-473-gacb4ef3bc5 (webtiles) character file.

Game seed: 355145646452967109

296 Bruhh the Skirmisher (level 6, -3/93 HPs)
             Began as an Ogre Transmuter on May 23, 2022.
             Slain by a hobgoblin (4 damage)
             ... led by Robin
             ... on level 4 of the Dungeon.
             The game lasted 00:04:05 (5391 turns).

Bruhh the Skirmisher (Ogre Transmuter)              Turns: 5391, Time: 00:04:06

Health: -3/93      AC: 23    Str: 15    XL:     6   Next: 34%
Magic:  12/12      EV:  1    Int: 16    God:
Gold:   192        SH:  0    Dex:  9    Spells: 9/13 levels left

rFire   . . .      SeeInvis .   g - +1 short sword (venom)
rCold   . . .      Faith    .   (no shield)
rNeg    . . .      Spirit   .   (body armour currently unavailable)
rPois   +          Reflect  .   (helmet currently unavailable)
rElec   .          Harm     .   (cloak currently unavailable)
rCorr   .          Rampage  .   (gloves unavailable)
Will    .....      NoTele   +   (boots unavailable)
Stlth   +.........              (no amulet)
HPRegen 0.25/turn               (no ring)
MPRegen 0.13/turn               (no ring)

@: tree-form, hasted, very quick
A: stationary, stasis, torment immunity, boosted hp, large, unfitting armour,
(tough skin 1)
a: no special abilities


You were on level 4 of the Dungeon.
You were a tree.
You visited 1 branch of the dungeon, and saw 4 of its levels.

You collected 192 gold pieces.

Inventory:

Hand Weapons
 g - a +1 short sword of venom (weapon)
Missiles
 o - a throwing net
Armour
 a - a +0 robe (melded)
Jewellery
 q - an amulet of reflection
Wands
 k - a wand of mindburst (12)
 l - a wand of acid (3)
Scrolls
 c - a scroll of poison {unknown}
 f - 3 scrolls of magic mapping {unknown}
 h - 7 scrolls of identify {unknown}
 j - a scroll of enchant weapon {unknown}
 m - a scroll of teleportation {unknown}
 p - a scroll of vulnerability {unknown}
Potions
 b - 2 potions of lignification
 d - a potion of degeneration {unknown}
 e - a potion of haste
 i - a potion of might {unknown}
 n - a potion of curing {unknown}


   Skills:
 + Level 4.3 Fighting
 - Level 1.7 Dodging
 + Level 4.0 Unarmed Combat
 + Level 4.2 Spellcasting
 - Level 3.0 Transmutations


You had 9 spell levels left.
You knew the following spells:

 Your Spells              Type           Power      Damage    Failure   Level
a - Beastly Appendage     Tmut           26%        N/A       4%          1
b - Spider Form           Tmut/Pois      8%         N/A       26%         3

Your spell library contained the following spells:

 Spells                   Type           Power      Damage    Failure   Level
 Wereblood                Tmut           13%        N/A       8%          2
 Magic Dart               Conj           12%        1d3       17%         1
 Call Imp                 Summ           3%         N/A       26%         2
 Searing Ray              Conj           6%         2d4       26%         2
 Mephitic Cloud           Conj/Pois/Air  3%         N/A       45%         3
 Ice Form                 Ice/Tmut       8%         N/A       65%         4
 Fulminant Prism          Conj/Hex       1%         3d6       86%         4


Dungeon Overview and Level Annotations

Branches:
Dungeon (4/15)
 Temple: D:4-7

Altars:
Okawaru

Annotations:
D:4 Pikel, Robin


Innate Abilities, Weirdness & Mutations

You are a tree.
Your roots penetrate the ground, keeping you stationary.
You cannot be teleported.
You are immune to unholy pain and torment.
Your maximum health is greatly increased.
Your equipment is partially melded.
You are too large for most types of armour.
((You have tough skin. (AC +1)))


Message History

The gnoll throws a throwing net.
The throwing net hits you.
You become entangled in the net!
You struggle against the net.
The iguana bites you but does no damage.
A gnoll comes into view. It is wielding a +0 spear.
The gnoll hits you from afar with a +0 spear.
You struggle against the net.
The iguana bites you! The gnoll hits you with a +0 flail.
The gnoll barely misses you.
A hobgoblin comes into view.
You struggle against the net.
The iguana bites you but does no damage.
The gnoll hits you with a +0 flail.
The gnoll hits you from afar with a +0 spear!
You struggle against the net.
The iguana barely misses you. The gnoll completely misses you.
The gnoll hits you from afar with a +0 spear!
The hobgoblin hits you but does no damage.
You rip the net and break free!
The hobgoblin misses you. The iguana bites you!
* * * LOW HITPOINT WARNING * * *
The gnoll hits you with a +0 flail!
* * * LOW HITPOINT WARNING * * *
The gnoll hits you but does no damage. The hobgoblin hits you.
* * * LOW HITPOINT WARNING * * *
Robin of the Strong Arm comes into view.
They are wielding a +0 dagger.
Okay, then.
Really quaff the potion of lignification?
You turn into a tree.
Your +0 robe melds into your body.
Your roots penetrate the ground.
The iguana bites you but does no damage.
The gnoll hits you but does no damage. The gnoll barely misses you.
The hobgoblin hits you.
* * * LOW HITPOINT WARNING * * *
The hobgoblin hits you.
* * * LOW HITPOINT WARNING * * *
It was a potion of haste.
You feel yourself speed up.
Robin shouts!
The hobgoblin hits you but does no damage.
The iguana bites you but does no damage.
The hobgoblin hits you.
You die...

.....###### ..
......!.....###. ...
............K#.. ...#
...........5....
....####............##..
......#............. ###
#......gg....g...... #.
###..ggl.g......... ...
#.....♣gg...#..........
#......ggg...#........##
##.................$.. .
##............
#.............
#..........##.
##.....###.# #...### ##


You could see an iguana, Robin, 3 gnolls, 5 hobgoblins and 2 goblins.

Vanquished Creatures
  An ogre (D:3)
  A lemure (D:3)
  An orc priest (D:3)
  Ijyb (D:3)
  5 adders
  An ufetubus (D:3)
  A worm (D:2)
  2 dart slugs
  6 orcs (D:3)
  7 ball pythons
  9 endoplasms
  3 giant cockroaches
  10 goblins
  7 hobgoblins
  7 jackals
  11 kobolds
  A quokka (D:1)
  7 bats
  5 frilled lizards
  4 rats
90 creatures vanquished.

Notes
Turn   | Place    | Note
-------+----------+-------------------------------------------
     0 | D:1      | Bruhh the Ogre Transmuter began the quest for the Orb.
     0 | D:1      | Reached XP level 1. HP: 19/19 MP: 3/3
   191 | D:1      | Reached XP level 2. HP: 15/28 MP: 3/5
   732 | D:1      | Reached XP level 3. HP: 23/35 MP: 5/7
  1284 | D:1      | Found a faded altar of an unknown god.
  2255 | D:2      | Reached XP level 4. HP: 26/44 MP: 8/8
  3244 | D:3      | Reached XP level 5. HP: 40/53 MP: 10/10
  3517 | D:3      | Noticed Ijyb
  3525 | D:3      | Killed Ijyb
  4056 | D:3      | Found an iron altar of Okawaru.
  4258 | D:3      | Noticed an ogre
  4272 | D:3      | Killed an ogre
  4273 | D:3      | Reached XP level 6. HP: 44/62 MP: 9/12
  4441 | D:3      | Noticed a black bear
  4822 | D:3      | Learned a level 3 spell: Spider Form
  4935 | D:4      | Identified the +1 whip "Jaipnon" {flame, rN++}
  5008 | D:4      | Noticed Pikel
  5389 | D:4      | Noticed Robin
  5390 | D:4      | HP: 3/93 [hobgoblin[Robin] (3)]
  5390 | D:4      | HP: 1/93 [hobgoblin[Robin] (2)]
  5391 | D:4      | Slain by a hobgoblin

Illustrated notes

Levels and vault maps discovered:
D:1:      elethiomel_arrival_shortcut, layout_basic,
          chequers_ecumenical_altar_lobes, grunt_decor_fettered,
          minmay_split_cup_small
D:2:      layout_loops_ring
D:3:      minmay_spotlight, layout_loops_cross, mainiacjoe_overflow_alcove_2,
          serial_forest, infiniplex_forest_fountain, infiniplex_forest_end_2,
          infiniplex_forest_lined_2, infiniplex_forest_clump_curved,
          infiniplex_forest_end_3, infiniplex_forest_end_2,
          minmay_misc_feat_plants, lightli_corner_chamber, uniq_ijyb
D:4:      layout_cave_pools, uniq_robin, uniq_pikel

Skill      XL: |  1  2  3  4  5  6 |
---------------+-------------------+-----
Transmutations | 2 3 |  3.0
Fighting       | 2 3 4 |  4.3
Unarmed Combat | 3 4 |  4.0
Spellcasting   | 3 4 |  4.2
Dodging        | |  1.7

Action                   |  1- 3 |  4- 6 || total
-------------------------+-------+-------++-------
Melee: Unarmed           |    83 |     3 ||    86
       Kick              |    15 |    20 ||    35
       Headbutt          |    17 |     9 ||    26
       Punch             |     2 |       ||     2
       Short sword       |    28 |   134 ||   162
 Cast: Beastly Appendage |    24 |    20 ||    44
       Spider Form       |       |     1 ||     1
  Use: Potion            |       |     4 ||     4
 Stab: Sleeping          |     1 |     1 ||     2
       Distracted        |       |     1 ||     1
Armor: Robe              |    30 |    51 ||    81
       Skin              |       |     4 ||     4
Dodge: Dodged            |    55 |    93 ||   148

Table legend: (Time is in decaauts)
 A = Elapsed time spent in this place.
 B = Non-inter-level travel time spent in this place.
 C = Inter-level travel time spent in this place.
 D = Time resting spent in this place.
 E = Time spent auto-exploring this place.
 F = Levels seen in this place.
 G = Mean time per level.
                   A        B        C        D        E       F      G
               +--------+--------+--------+--------+--------+-----+--------+
         Total |   5422 |   5249 |    173 |    388 |   4240 |   4 | 1355.5 |
       Dungeon |   5422 |   5249 |    173 |    388 |   4240 |   4 | 1355.5 |
               +--------+--------+--------+--------+--------+-----+--------+

Top non-repeatable levels by time:
     D:3: 2407 daAuts
     D:1: 1863 daAuts
     D:2: 1032 daAuts
     D:4: 118 daAuts
